 Dungeon Crawl Stone Soup version 0.22-a0-587-g7d32d7c7ae (webtiles) character file.

4175 RedPan the Grappler (level 10, -1/90 HPs)
             Began as a Ghoul Monk on July 4, 2018.
             Was a Priest of Sif Muna.
             Slain by a yak (15 damage)
             ... on level 8 of the Dungeon.
             The game lasted 00:14:11 (7078 turns).

RedPan the Grappler (Ghoul Monk)                    Turns: 7078, Time: 00:14:12

Health: -1/90      AC:  4    Str: 16    XL:     10   Next: 28%
Magic:  13/13      EV: 22    Int:  8    God:    Sif Muna [***...]
Gold:   495        SH:  0    Dex: 20    Spells: 14/14 levels left

rFire    . . .     SeeInvis .     - Unarmed
rCold    + . .     Gourm    .   (no shield)
rNeg     + + +     Faith    .   a - +1 robe
rPois    ∞         Spirit   .   (no helmet)
rElec    .         Reflect  .   s - +0 cloak
rCorr    .         Harm     .   (no gloves)
MR       .....                  (no boots)
Stlth    +++.......             (no amulet)
HPRegen  0.00/turn              u - ring of wizardry
MPRegen  0.13/turn              g - +4 ring of dexterity

@: agile, rotting
A: rotting body, claws 1, carnivore, cold resistance 1, negative energy
resistance 3, inhibited regeneration, torment resistance, unbreathing
a: Divine Energy, Channel Magic, Renounce Religion


You were on level 8 of the Dungeon.
You worshipped Sif Muna.
Sif Muna was most pleased with you.
You were not hungry.

You visited 1 branch of the dungeon, and saw 10 of its levels.

You collected 495 gold pieces.

Inventory:

Armour
 a - a +1 robe (worn)
 q - a +0 pair of gloves
 s - a +0 cloak (worn)
 w - a +0 shield
Jewellery
 f - an uncursed ring of resist corrosion
 g - a +4 ring of dexterity (right claw)
 h - an uncursed ring of stealth
 m - an uncursed ring of stealth
 u - a ring of wizardry (left claw)
Scrolls
 c - 2 scrolls of enchant weapon
 e - 3 scrolls of blinking
 i - 8 scrolls of remove curse
 n - a scroll of immolation
 p - 4 scrolls of teleportation
 t - a scroll of magic mapping
 v - 2 scrolls of identify
Potions
 d - a potion of curing
 k - a potion of agility
 l - 2 potions of heal wounds
 o - a potion of flight
 r - a potion of haste {unknown}
Comestibles
 b - 19 rations


   Skills:
 + Level 8.5 Fighting
 + Level 7.0 Dodging
 - Level 2.1 Stealth
 * Level 11.3 Unarmed Combat
 + Level 2.7 Spellcasting


You had 14 spell levels left.
You didn't know any spells.
Your spell library was empty.

Dungeon Overview and Level Annotations

Branches:
Dungeon (10/15)            Temple (0/1) D:6
   Lair: D:8-11         Orc: D:9-12

Altars:
Ashenzari
Dithmenos
Fedhas
Hepliaklqana
Kikubaaqudgha
Nemelex Xobeh
Okawaru
Qazlal
Ru
Sif Muna
Wu Jian
Xom
Zin
The Shining One


Innate Abilities, Weirdness & Mutations

Your body is rotting away.
You thrive on raw meat.
You are immune to poison.
You have sharp fingernails.
You are carnivorous and can eat meat at any time.
Your flesh is cold resistant. (rC+)
You are immune to negative energy. (rN+++)
You do not regenerate when monsters are visible.
You are immune to unholy pain and torment.
You can survive without breathing.


Message History

The yak completely misses you.
You scratch the yak.
The yak is almost dead.
You scratch the yak but do no damage.
The yak is almost dead.
The yak gores you but does no damage.
The yak snorts and paws the ground.
You scratch the yak but do no damage.
The yak is almost dead.
The yak misses you.
You scratch the yak but do no damage.
The yak is almost dead.
A sky beast comes into view.
The yak gores you!!
* * * LOW HITPOINT WARNING * * *
You barely miss the yak.
The yak is almost dead.
The yak closely misses you.
You feel better. The yak gores you!
You die...

#.# #.# #.#
######.#
.######......# .
.............# ...
.######......#
.....#####...####.#
...Y..YY@..### #.#
.####..##### #.#
##. #.# ## #.# .#


You could see 2 yaks and a sky beast (wandering).

Vanquished Creatures
  Pikel (D:5)
  Grinder (D:4)
  3 yaks (D:8)
  2 hungry ghosts
  Menkaure (D:5)
  Edmund (D:6)
  An orc warrior (D:8)
  An ice beast (D:5)
  A sky beast (D:5)
  3 phantoms
  4 ogres
  A black bear (D:7)
  5 centaurs
  A big kobold (D:9)
  A crocodile (D:10)
  A bullfrog (D:9)
  A howler monkey (D:4)
  6 crimson imps
  A hound (D:6)
  A quasit (D:7)
  3 orc priests (D:7)
  6 orc wizards
  A bullfrog skeleton (D:6)
  6 worker ants
  A killer bee zombie (D:6)
  Robin (D:4)
  3 gnolls (D:7)
  10 adders
  4 shadow imps
  2 oozes
  An adder skeleton (D:8)
  A worm (D:4)
  A dart slug (D:1)
  5 leopard geckos
  19 orcs
  3 giant cockroaches
  12 goblins
  9 hobgoblins
  13 jackals
  2 quokkas
  8 bats
  4 frilled lizards
  5 kobolds
  7 rats
164 creatures vanquished.

Vanquished Creatures (others)
  A slave (D:5)
  An ogre (D:5)
  2 centaurs (D:5)
  2 crimson imps (D:5)
  A hound zombie (D:5)
  An adder (D:5)
8 creatures vanquished.

Grand Total: 172 creatures vanquished

Notes
Turn   | Place    | Note
-------+----------+-------------------------------------------
     0 | D:1      | RedPan the Ghoul Monk began the quest for the Orb.
     0 | D:1      | Reached XP level 1. HP: 19/19 MP: 0/0
    96 | D:1      | Reached XP level 2. HP: 26/26 MP: 1/1
   579 | D:2      | Reached skill level 4 in Unarmed Combat
   579 | D:2      | Reached XP level 3. HP: 30/33 MP: 2/2
   836 | D:2      | Found a deep blue altar of Sif Muna.
  1296 | D:3      | Reached XP level 4. HP: 40/40 MP: 3/3
  1890 | D:3      | Found a faded altar of an unknown god.
  1971 | D:2      | Became a worshipper of Sif Muna the Loreminder
  1971 | D:2      | Reached * piety under Sif Muna
  1971 | D:2      | Reached ** piety under Sif Muna
  2093 | D:4      | Noticed Grinder
  2098 | D:4      | Paralysed by Grinder for 5 turns
  2122 | D:4      | Found a blossoming altar of Fedhas.
  2124 | D:4      | Killed Grinder
  2124 | D:4      | Reached skill level 5 in Unarmed Combat
  2124 | D:4      | Reached XP level 5. HP: 10/46 MP: 4/4
  2124 | D:4      | Reached XP level 6. HP: 11/52 MP: 5/5
  2420 | D:4      | Noticed Robin
  2436 | D:4      | Killed Robin
  2517 | D:4      | Found a shattered altar of Ashenzari.
  2567 | D:4      | Reached skill level 6 in Unarmed Combat
  2977 | D:5      | Entered Level 5 of the Dungeon
  2997 | D:5      | Reached skill level 5 in Fighting
  2997 | D:5      | Reached XP level 7. HP: 41/61 MP: 6/6
  3277 | D:5      | Noticed Pikel
  3294 | D:5      | HP: 2/61 [Pikel/whip of flaming (3)]
  3301 | D:5      | HP: 3/61 [Pikel/whip of flaming (1)]
  3305 | D:5      | Killed Pikel
  3305 | D:5      | Reached skill level 5 in Dodging
  3305 | D:5      | Reached skill level 7 in Unarmed Combat
  3305 | D:5      | Reached XP level 8. HP: 27/70 MP: 7/7
  3420 | D:5      | Reached skill level 8 in Unarmed Combat
  3839 | D:5      | Found a sparkling altar of Nemelex Xobeh.
  3842 | D:5      | Found a sacrificial altar of Ru.
  3844 | D:5      | Found a stormy altar of Qazlal.
  3901 | D:5      | Found a shimmering altar of Xom.
  4003 | D:5      | Found an ornate altar of the Wu Jian Council.
  4005 | D:5      | Found an ancient bone altar of Kikubaaqudgha.
  4022 | D:5      | Found an iron altar of Okawaru.
  4030 | D:5      | Reached skill level 9 in Unarmed Combat
  4359 | D:6      | Noticed Edmund
  4386 | D:6      | Killed Edmund
  4386 | D:6      | Reached XP level 9. HP: 10/79 MP: 8/8
  4671 | D:6      | Found a hazy altar of Hepliaklqana.
  4999 | D:6      | Found a staircase to the Ecumenical Temple.
  5321 | D:5      | Noticed Menkaure
  5327 | D:5      | Killed Menkaure
  5365 | D:7      | Reached skill level 10 in Unarmed Combat
  6019 | D:7      | Found a shadowy altar of Dithmenos.
  6039 | D:7      | Reached skill level 1 in Spellcasting
  6277 | D:7      | You fall through a shaft for 3 floors!
  6277 | D:10     | Entered Level 10 of the Dungeon
  6277 | D:10     | Noticed a two-headed ogre
  6505 | D:9      | Found a glowing silver altar of Zin.
  6577 | D:8      | Reached XP level 10. HP: 72/88 MP: 12/12
  6608 | D:8      | Noticed a two-headed ogre
  6615 | D:9      | Reached *** piety under Sif Muna
  6710 | D:9      | Reached skill level 11 in Unarmed Combat
  6779 | D:9      | Found a glowing golden altar of the Shining One.
  7078 | D:8      | Slain by a yak

Vault maps used:
D:1:      minmay_arrival_open_corners
D:2:      lemuel_blue_sif_altar, first_ration
D:3:      chequers_ecumenical_altar_simple
D:4:      ashenzari_altar_1, overflow_temple_1_default, uniq_robin, uniq_grinder
D:5:      okawaru_trees_1, nicolae_overflow_hidden_temple, st_stairs_3,
          led_xom_imps, uniq_pikel, uniq_menkaure
D:6:      kennysheep_mini_moat, minmay_temple_entry_statues_fountains,
          minmay_crystal_water, uniq_edmund
D:7:      lemuel_crystal_altar, grunt_ogre_cave, st_stairs_7
D:8:      lair_entry_dummy
D:9:      lemuel_doored_altar, zin_academy, kennysheep_flooded_box,
          trog_hazing_becter
D:10:     basic_altar, serial_curves, eino_curves_03, eino_curves_02

Skill      XL: |  1  2  3  4  5  6  7  8  9 10 |
---------------+-------------------------------+-----
Dodging        | 3 4 5 6 7 |  7.0
Unarmed Combat | 4 5 6 7 9 10 11 | 11.3
Fighting       | 4 5 6 7 8 |  8.5
Spellcasting   | 2 |  2.7
Stealth        | |  2.1

Action                   |  1- 3 |  4- 6 |  7- 9 | 10-12 || total
-------------------------+-------+-------+-------+-------++-------
Melee: Unarmed           |    98 |   123 |   324 |   102 ||   647
       Punch             |     1 |     4 |    13 |     5 ||    23
  Use: Scroll            |     5 |       |     5 |       ||    10
       Potion            |       |     2 |    13 |     3 ||    18
 Stab: Sleeping          |     5 |    10 |    10 |     1 ||    26
       Distracted        |       |     1 |     3 |       ||     4
  Eat: Chunk             |     8 |     7 |    23 |     6 ||    44
       Ration            |       |     1 |       |       ||     1
Armor: Robe              |    14 |    11 |    37 |     9 ||    71
Dodge: Dodged            |    56 |    65 |   200 |    66 ||   387

Table legend:
 A = Spawn XP
 B = Non-spawn XP
 C = Spawn XP percentage of total XP
 D = Spawn monster count
 E = Non-spawn monster count
 F = Spawn count percentage of total count
 G = Total turns spent on level
                    A         B        C        D         E        F      G
               +---------+---------+-------+---------+---------+-------+---------
         Total |       0 |    5965 |   0.0 |       0 |     165 |   0.0 |  7078
               +---------+---------+-------+---------+---------+-------+---------
           D:1 |       0 |      24 |   0.0 |       0 |      13 |   0.0 |   520
           D:2 |       0 |      56 |   0.0 |       0 |      18 |   0.0 |   775
           D:3 |       0 |      30 |   0.0 |       0 |      15 |   0.0 |   702
           D:4 |       0 |     424 |   0.0 |       0 |      24 |   0.0 |   982
           D:5 |       0 |    1868 |   0.0 |       0 |      30 |   0.0 |  1399
           D:6 |       0 |     637 |   0.0 |       0 |      11 |   0.0 |   966
           D:7 |       0 |     812 |   0.0 |       0 |      23 |   0.0 |   933
           D:8 |       0 |     980 |   0.0 |       0 |      11 |   0.0 |   102
           D:9 |       0 |     813 |   0.0 |       0 |      17 |   0.0 |   638
          D:10 |       0 |     321 |   0.0 |       0 |       3 |   0.0 |    61
               +---------+---------+-------+---------+---------+-------+---------
